 Dungeon Crawl Stone Soup version 0.23.1 (webtiles) character file.

Game seed: 3264365956021037537

345 DungeonDestroyer the Shield-Bearer (level 6, -1/55 HPs)
             Began as a Minotaur Fighter on Mar 2, 2019.
             Slain by Grinder (2 damage)
             ... on level 4 of the Dungeon.
             The game lasted 00:08:26 (2329 turns).

DungeonDestroyer the Shield-Bearer (MiFi)           Turns: 2329, Time: 00:08:27

Health: -1/55      AC:  9    Str: 20 (22) XL:     6   Next: 32%
Magic:  5/5        EV:  8    Int:  3 (5)  God:
Gold:   159        SH: 10    Dex: 10 (13) Spells: 5/5 levels left

rFire    . . .     SeeInvis .   a - +1 war axe
rCold    . . .     Gourm    .   c - +1 shield
rNeg     . . .     Faith    .   h - +0 chain mail
rPois    .         Spirit   .   (helmet restricted)
rElec    .         Reflect  .   (no cloak)
rCorr    .         Harm     .   (no gloves)
MR       .....                  (no boots)
Stlth    ..........             (no amulet)
HPRegen  0.18/turn              e - +3 ring of evasion
MPRegen  0.09/turn              k - +3 ring of dexterity

@: lightly drained
A: retaliatory headbutt, horns 2
a: no special abilities


You were on level 4 of the Dungeon.
You were not hungry.

You visited 1 branch of the dungeon, and saw 4 of its levels.

You collected 159 gold pieces.

Inventory:

Hand Weapons
 a - a +1 war axe (weapon)
Armour
 c - a +1 shield (worn)
 h - a +0 chain mail (worn)
Jewellery
 e - a +3 ring of evasion (left hand)
 k - a +3 ring of dexterity (right hand)
Scrolls
 g - 5 scrolls of identify
 i - 8 scrolls of remove curse
Potions
 b - a potion of berserk rage
 d - a potion of might
 l - 2 potions of brilliance
 m - a potion of curing
Comestibles
 f - 5 rations


   Skills:
 + Level 4.9(4.5) Fighting
 + Level 5.1(4.7) Axes
 + Level 5.1(4.7) Armour
 + Level 5.3(4.8) Shields


You had 5 spell levels left.
You didn't know any spells.
Your spell library was empty.

Dungeon Overview and Level Annotations

Branches:
Dungeon (4/15)
 Temple: D:4-7

Altars:
Cheibriados
Sif Muna
Xom
Yredelemnul
Zin

Annotations:
D:4 Grinder


Innate Abilities, Weirdness & Mutations

You reflexively headbutt those who attack you in melee.
You have a pair of horns on your head.


Message History

Pain shoots through your body!
Your chain mail prevents you from hitting Grinder.
Grinder is severely wounded.
Grinder hits you.
You writhe in agony.
* * * LOW HITPOINT WARNING * * *
Grinder hits you but does no damage.
You closely miss Grinder.
Grinder is severely wounded.
You block Grinder's attack.
You hit Grinder but do no damage. You headbutt Grinder!
Grinder is almost dead.
Grinder gestures at you. Pain shoots through your body!
* * * LOW HITPOINT WARNING * * *
You barely miss Grinder.
Grinder is almost dead.
Grinder misses you. Grinder hits you.
* * * LOW HITPOINT WARNING * * *
You writhe in agony.
You die...

.. ##.###.#
.# #.# #.#
#.# # #.# .#
#.# .. ##.##
.#
#..>#####.#
#.#...5@))#
##.#.#####.#
##.## .# ##
.# .# #


You could see Grinder.

Vanquished Creatures
  An orc warrior (D:3)
  An orc priest (D:3)
  2 orc wizards
  3 gnolls (D:2)
  5 adders
  2 oozes
  2 worms
  2 dart slugs
  3 leopard geckos
  9 orcs
  3 ball pythons (D:2)
  4 giant cockroaches
  5 goblins
  5 hobgoblins
  2 quokkas (D:2)
  8 bats
  4 frilled lizards
  7 kobolds
  4 rats
72 creatures vanquished.

Notes
Turn   | Place    | Note
-------+----------+-------------------------------------------
     0 | D:1      | DungeonDestroyer the Minotaur Fighter began the quest for
                  | the Orb.
     0 | D:1      | Reached XP level 1. HP: 19/19 MP: 0/0
    54 | D:1      | Found a shimmering altar of Xom.
    97 | D:1      | Reached XP level 2. HP: 27/27 MP: 1/1
   555 | D:2      | Reached XP level 3. HP: 27/33 MP: 2/2
   803 | D:2      | Reached XP level 4. HP: 40/41 MP: 3/3
  1164 | D:2      | Found a deep blue altar of Sif Muna.
  1178 | D:2      | Found a basalt altar of Yredelemnul.
  1181 | D:2      | Found a snail-covered altar of Cheibriados.
  1195 | D:2      | Found a glowing silver altar of Zin.
  1463 | D:3      | Reached XP level 5. HP: 33/47 MP: 4/4
  1712 | D:3      | Noticed an orc warrior
  1727 | D:3      | Killed an orc warrior
  1727 | D:3      | Reached skill level 5 in Armour
  1727 | D:3      | Reached skill level 5 in Shields
  1727 | D:3      | Reached XP level 6. HP: 45/55 MP: 5/5
  2300 | D:4      | Reached skill level 5 in Axes
  2309 | D:4      | Noticed Grinder
  2329 | D:4      | HP: 1/55 [Grinder (5)]
  2329 | D:4      | Slain by Grinder

Skill      XL: |  1  2  3  4  5  6 |
---------------+-------------------+-----
Fighting       | 4 |  4.9
Armour         | 4 5 |  5.1
Shields        | 4 5 |  5.3
Axes           | 3 4 5 |  5.1

Action                   |  1- 3 |  4- 6 || total
-------------------------+-------+-------++-------
Melee: War axe           |    49 |   123 ||   172
       Headbutt          |     6 |    16 ||    22
  Use: Scroll            |     5 |     2 ||     7
       Potion            |     1 |     7 ||     8
  Eat: Ration            |       |     1 ||     1
       Chunk             |       |     1 ||     1
Armor: Scale mail        |    22 |    27 ||    49
       Chain mail        |       |     8 ||     8
Dodge: Dodged            |    14 |    44 ||    58
Block: Shield            |    30 |    69 ||    99
